 Dungeon Sprint DCSS version bcrawl-1.26.1 (webtiles) character file.

Game seed: 17725403251373595951

1138166 Freyura the Cruncher (level 8, -5/69 HPs)
             Began as a Demonspawn Gladiator on July 11, 2020.
             Was a Priest of Ashenzari.
             Slain by a spriggan rider
             ... wielding a +0 spear
              (15 damage)
             ... in the Dungeon (Sprint V: "Ziggurat Sprint").
             The game lasted 00:08:03 (241 turns).

Freyura the Cruncher (Demonspawn Gladiator)          Turns: 241, Time: 00:08:04

Health: -5/69      AC: 28    Str: 27    XL:     8   Next: 25%
Magic:  8/8        EV: 12    Int: 10    God:    Ashenzari [***...]
Gold:   0          SH:  0    Dex: 16    Spells: 7/7 levels left

rFire    . . .     SeeInvis +   X - +5 lajatang (curse)
rCold    . . .     Gourm    .   (shield currently unavailable)
rNeg     . . .     Faith    .   K - +15 Maxwell's patent armour {-Cast -Tele rElec MR+ rCorr} (curse)
rPois    .         Spirit   .   (helmet unavailable)
rElec    +         Reflect  .   (no cloak)
rCorr    +         Harm     .   (no gloves)
MR       +....     NoTele   +   (no boots) Stlth ..........NoCast +
                                (no amulet)
HPRegen  0.21/turn              C - +6 ring of strength (curse)
MPRegen  0.11/turn              B - +6 ring of strength (curse)

@: no status effects
A: horns 3
a: Curse Item, Scrying, Renounce Religion


You were in the Dungeon.
You worshipped Ashenzari.
Ashenzari was most pleased with you.
You were not hungry.

You visited 1 branch

Inventory:

Hand Weapons
 a - a +0 quarterstaff
 X - a cursed +5 lajatang (weapon)
Missiles
 d - 3 throwing nets {=f}
Armour
 K - the cursed +15 Maxwell's patent armour (worn) {-Cast -Tele rElec MR+ rCorr}
   (You found it in the Dungeon)

   It insulates you from electricity.
   It affects your resistance to hostile enchantments.
   It prevents spellcasting.
   It prevents most forms of teleportation.
   It provides partial protection from all sources of acid and corrosion.
   It has a curse placed upon it.
Jewellery
 b - an uncursed ring of protection from fire
 w - an uncursed ring of flight
 x - a +6 ring of dexterity
 y - a +6 ring of dexterity
 B - a cursed +6 ring of strength (right hand)
 C - a cursed +6 ring of strength (left hand)
Wands
 E - a wand of disintegration (5)
 G - a wand of acid (7)
Scrolls
 k - 4 scrolls of blinking
 r - 4 scrolls of amnesia
 s - 8 scrolls of fog
 t - 5 scrolls of identify
 u - 5 scrolls of remove curse
 v - 2 scrolls of fear
Potions
 f - 10 potions of curing
 g - 10 potions of heal wounds
 h - 6 potions of haste
 i - 7 potions of magic
 j - 3 potions of berserk rage
 l - 2 potions of brilliance
 m - 2 potions of invisibility
 n - 4 potions of resistance
 p - 5 potions of agility
 q - 5 potions of might
Miscellaneous
 D - a lightning rod (4/4)
Comestibles
 e - 7 rations {!d}


   Skills:
 + Level 8.6 Fighting
 * Level 11.0(14.5) Staves
 - Level 1.7 Throwing
 + Level 7.5 Armour
 + Level 8.1 Dodging


You had 7 spell levels left.
You didn't know any spells.
Your spell library was empty.

Dungeon Overview and Level Annotations

Branches:
Dungeon (1/1)

Altars:
Ashenzari
Cheibriados
Dithmenos
Elyvilon
Fedhas
Gozag
Hepliaklqana
Kikubaaqudgha
Lugonu
Makhleb
Nemelex Xobeh
Okawaru
Qazlal
Ru
Sif Muna
Trog
Uskayaw
Vehumet
Wu Jian
Xom
Yredelemnul
Zin
The Shining One
Beogh
Jiyva


Innate Abilities, Weirdness & Mutations

You have a pair of large horns on your head.


Message History

You hit the black bear.
The black bear is severely wounded.
The black bear bites you but does no damage.
The black bear completely misses you.
The black bear claws you but does no damage.
The spriggan rider closely misses you.
You slash the black bear! Your headbutt misses the black bear.
The black bear is almost dead.
The spriggan rider hits you but does no damage.
The black bear bites you but does no damage.
The black bear claws you but does no damage. x2
You slice the black bear!!
You kill the black bear!
Your base Staves skill increases to level 11!
The spriggan rider hits you from afar with a +0 spear.
* * * LOW HITPOINT WARNING * * *
The spriggan rider hits you from afar with a +0 spear.
* * * LOW HITPOINT WARNING * * *
The spriggan rider hits you with a +0 spear!
You die...

, ,,,* , , ,
▓..)=}..▓
,,,▓..)}|..▓
, ▓.......▓
, ,
▓.......▓ ,
▓.......▓
▓.......▓ ,
, ▓.▓..i▓i▓
▓...©.@.▓ *
▓▓▓▓▓▓▓▓▓ 8©
* , , {{{ ,
* , , , ,, *
, , , * ,* ,
, * , ,


You could see 2 spriggan riders.

Vanquished Creatures
  A spriggan (D)
  4 insubstantial wisps (D)
  2 hell hounds (D)
  2 black bears (D)
  A wolf (D)
  2 crimson imps (D)
  2 iron imps (D)
  2 adders (D)
  A shadow imp (D)
  A white imp (D)
  2 ufetubi (D)
  2 ball pythons (D)
22 creatures vanquished.

Vanquished Creatures (others)
  Psyche (D)
1 creature vanquished.

Grand Total: 23 creatures vanquished

Notes
Turn   | Place    | Note
-------+----------+-------------------------------------------
     0 | D        | Freyura the Demonspawn Gladiator began the quest for the
                  | Orb.
     0 | D        | Reached XP level 1. HP: 16/16 MP: 1/1
     0 | D        | Found a shimmering blue altar of Sif Muna.
     0 | D        | Found a bloodstained altar of Trog.
     0 | D        | Found a sacrificial altar of Ru.
     0 | D        | Found a stormy altar of Qazlal.
     0 | D        | Found an iron altar of Okawaru.
     1 | D        | Found a sparkling altar of Nemelex Xobeh.
     1 | D        | Found a blossoming altar of Fedhas.
     2 | D        | Found the +6 Majin-Bo {vamp, *Drain Str+12 Int+24}
     2 | D        | Found the +7 great mace "Firestarter" {inner flame, rF++}
     3 | D        | Found a transporter.
     3 | D        | Found an ancient bone altar of Kikubaaqudgha.
     3 | D        | Found a viscous altar of Jiyva.
     3 | D        | Found a corrupted altar of Lugonu.
     3 | D        | Found a hazy altar of Hepliaklqana.
     3 | D        | Found a burning altar of Makhleb.
     3 | D        | Found an opulent altar of Gozag.
    13 | D        | Killed Psyche
    24 | D        | Found the +9 heavy crossbow "Sniper" {velocity, Acc+∞ SInv}
    24 | D        | Found the +10 dark maul {crush}
    24 | D        | Found the +15 Maxwell's patent armour {-Cast -Tele rElec
                  | MR+ rCorr}
    24 | D        | Found the +18 shield of the Gong {rElec rN+ MR+ EV-5}
    24 | D        | Found the cursed +14 obsidian axe {chop, +Fly SInv *Curse}
    26 | D        | Found the +6 shillelagh "Devastator" {shatter}
    26 | D        | Found the +11 plutonium sword {*Contam Stlth-}
    26 | D        | Found the +8 lance "Wyrmbane" {slay drac, rPois rF+ rC+
                  | AC+3}
    26 | D        | Found the +9 sword of Zonguldrok {reap}
    26 | D        | Found the cursed +13 scythe of Curses {drain, *Curse}
    26 | D        | Found the +0 sword of Power
    26 | D        | Found the +7 mace of Variability {chain chaos}
    26 | D        | Found the +7 Singing Sword {slice}
    26 | D        | Found the +7 longbow "Piercer" {penet, EV-2}
   100 | D        | Became a worshipper of Ashenzari the Shackled
   124 | D        | Reached skill level 5 in Staves
   124 | D        | Gained mutation: You have a pair of small horns on your
                  | head. [demonic ancestry]
   124 | D        | Reached XP level 2. HP: 25/25 MP: 2/2
   128 | D        | Entered arena 2.
   128 | D        | Noticed a crimson imp
   128 | D        | Found a transporter.
   130 | D        | Killed a crimson imp
   130 | D        | Reached XP level 3. HP: 31/31 MP: 3/3
   136 | D        | Entered arena 3.
   136 | D        | Found a transporter.
   141 | D        | Reached skill level 6 in Staves
   141 | D        | Reached XP level 4. HP: 38/38 MP: 4/4
   142 | D        | Reached skill level 5 in Fighting
   142 | D        | Reached skill level 5 in Dodging
   159 | D        | Entered arena 4.
   159 | D        | Reached * piety under Ashenzari
   159 | D        | Found a transporter.
   178 | D        | Got the +0 scale mail of the Shore {rC+ Str-3 Int+5}
   180 | D        | Got the +9 fustibalus of Maobis {speed, rC+ Int-5 Dex+3
                  | Stlth+}
   185 | D        | Entered arena 5.
   185 | D        | Noticed an insubstantial wisp
   185 | D        | Noticed an insubstantial wisp
   185 | D        | Noticed an insubstantial wisp
   185 | D        | Noticed an insubstantial wisp
   185 | D        | Found a transporter.
   187 | D        | Killed an insubstantial wisp
   187 | D        | Reached skill level 8 in Staves
   187 | D        | Reached skill level 5 in Armour
   187 | D        | Gained mutation: You have a pair of horns on your head.
                  | [demonic ancestry]
   187 | D        | Reached XP level 5. HP: 46/46 MP: 5/5
   188 | D        | Killed an insubstantial wisp
   188 | D        | Gained mutation: You have a pair of large horns on your
                  | head. [demonic ancestry]
   188 | D        | Reached XP level 6. HP: 53/53 MP: 6/6
   192 | D        | Killed an insubstantial wisp
   192 | D        | Reached skill level 9 in Staves
   194 | D        | Killed an insubstantial wisp
   194 | D        | Reached XP level 7. HP: 60/60 MP: 7/7
   195 | D        | Reached ** piety under Ashenzari
   203 | D        | Got the +9 hand axe of Ferocious Valour {pain, rN++ Str-4
                  | Int+5}
   206 | D        | Entered arena 6.
   206 | D        | Found a transporter.
   207 | D        | Found the +2 hat of the Bear Spirit {Spirit, +Rage rN+
                  | MR++}
   208 | D        | Reached skill level 10 in Staves
   225 | D        | Entered arena 7.
   225 | D        | Noticed a spriggan rider
   225 | D        | Noticed a spriggan rider
   225 | D        | Noticed a spriggan
   225 | D        | Reached *** piety under Ashenzari
   235 | D        | Killed a spriggan
   235 | D        | Reached XP level 8. HP: 45/68 MP: 8/8
   240 | D        | Reached skill level 11 in Staves
   241 | D        | Slain by a spriggan rider

Skill      XL: |  1  2  3  4  5  6  7  8 |
---------------+-------------------------+-----
Fighting       | 3 4 6 7 8 |  8.6
Staves         | 5 6 8 9 10 11 | 11.0
Armour         | 2 3 5 6 7 |  7.5
Dodging        | 4 5 6 7 8 |  8.1
Throwing       | |  1.7

Action                   |  1- 3 |  4- 6 |  7- 9 || total
-------------------------+-------+-------+-------++-------
Melee: Lajatang          |     2 |    21 |    13 ||    36
       Headbutt          |       |       |     1 ||     1
Invok: Curse Item        |     5 |       |       ||     5
Evoke: Wand              |     3 |     2 |     4 ||     9
  Use: Potion            |     1 |       |       ||     1
Armor: Plate armour      |     1 |    16 |    18 ||    35
Dodge: Dodged            |     1 |    32 |    16 ||    49
